 Dungeon Crawl Stone Soup version 0.29-a0-1052-g6990b1bffc (webtiles) character file.

Game seed: 7107120853225504443

87 gelatine the Firebug (level 4, 0/45 HPs)
             Began as a Demonspawn Fire Elementalist on Aug 18, 2022.
             Slain by an orc
             ... wielding a +0 flail
              (2 damage)
             ... on level 3 of the Dungeon.
             The game lasted 00:06:53 (3002 turns).

gelatine the Firebug (Demonspawn Fire Elementalist) Turns: 3002, Time: 00:06:53

Health: 0/45       AC: 22    Str:  8    XL:     4   Next: 28%
Magic:  1/8        EV:  2    Int: 19    God:
Gold:   67         SH:  4    Dex: 13    Spells: 5/8 levels left

rFire   + . .      SeeInvis .   q - staff of poison
rCold   x . .      Faith    .   (no shield)
rNeg    . . .      Spirit   .   (body armour currently unavailable)
rPois   +          Reflect  .   (helmet currently unavailable)
rElec   .          Harm     .   (cloak currently unavailable)
rCorr   .          Rampage  .   (gloves currently unavailable)
Will    .....      NoTele   +   (boots currently unavailable)
Stlth   ++........              (no amulet)
HPRegen 0.15/turn               j - ring of fire
MPRegen 0.11/turn               (no ring)

@: tree-form, very slightly contaminated, hasted, invisible, very quick
A: stationary, stasis, torment immunity, boosted hp, (icy blue scales 1),
condensation shield, (weakness stinger 1)
a: no special abilities


You were on level 3 of the Dungeon.
You were a tree.
You visited 1 branch of the dungeon, and saw 3 of its levels.

You collected 67 gold pieces.

Inventory:

Hand Weapons
 e - a +0 whip
Armour
 a - a +0 robe
 m - the +1 ring mail "Plog" (melded) {Rampage rCorr Dex+3}
   (You found it on level 2 of the Dungeon)

   Dex:       It affects your dexterity (+3).
   rCorr:     It protects you from acid and corrosion.
   Rampage:   It bestows one free step when moving towards enemies.
Magical Staves
 q - a staff of poison (weapon)
 r - a staff of death
Jewellery
 j - a ring of fire (left branch)
Scrolls
 c - a scroll of teleportation {unknown}
 f - a scroll of enchant weapon {unknown}
 i - 3 scrolls of identify {unknown}
 k - a scroll of enchant armour {unknown}
 o - 2 scrolls of immolation {unknown}
 p - a scroll of poison {unknown}
Potions
 l - a potion of ambrosia {unknown}
 n - a potion of curing {unknown}


   Skills:
 + Level 0.1 Fighting
 + Level 2.2 Dodging
 + Level 2.0 Stealth
 + Level 2.8 Spellcasting
 + Level 1.5 Conjurations
 + Level 3.4 Fire Magic
 * Level 0.1 Poison Magic
 * Level 0.9 Evocations


You had 5 spell levels left.
You knew the following spells:

 Your Spells              Type           Power      Damage    Failure   Level
a - Foxfire               Conj/Fire      72%        2x1d7     5%          1
b - Scorch                Fire           46%        2d7       6%          2

Your spell library contained the following spells:

 Spells                   Type           Power      Damage    Failure   Level
 Conjure Flame            Conj/Fire      18%        6-21      17%         3
 Ensorcelled Hibernation  Hex/Ice        4%         N/A       24%         2
 Passwall                 Tmut/Erth      1%         N/A       24%         2
 Inner Flame              Hex/Fire       13%        N/A       24%         3
 Swiftness                Air            2%         N/A       43%         3
 Flame Wave               Conj/Fire      18%        2d7       50%         4


Dungeon Overview and Level Annotations

Branches:
Dungeon (3/15)

Altars:


Innate Abilities, Weirdness & Mutations

You are a tree.
Your roots penetrate the ground, keeping you stationary.
You cannot be teleported.
You are immune to unholy pain and torment.
Your maximum health is greatly increased.
Your equipment is partially melded.
((You are partially covered in icy blue scales. (AC +2)))
A meltable shield of frost defends you. (SH +4)
((You have a small tail.))


Message History

Magic courses through your body. The orc hits you with a +0 flail.
* * * LOW HITPOINT WARNING * * *
Casting: Foxfire (safe; 17% risk of failure)
Confirm with . or Enter, or press ? or * to list all spells.
You feel a surge of power!
You miscast Scorch.
You are very lightly contaminated with residual magic.
Nothing appears to happen.
The orc barely misses you.
Casting: Scorch (safe; 19% risk of failure)
Confirm with . or Enter, or press ? or * to list all spells.
You feel a surge of power!
You miscast Scorch.
Nothing appears to happen.
The orc hits you with a +0 flail.
* * * LOW HITPOINT WARNING * * *
Okay, then.
Casting: Scorch (safe; 19% risk of failure)
Confirm with . or Enter, or press ? or * to list all spells.
You feel a surge of power!
Flames lash the orc.
The orc is heavily wounded.
The orc's fire resistance burns away.
The orc misses you.
Casting: Scorch (safe; 19% risk of failure)
Confirm with . or Enter, or press ? or * to list all spells.
You feel a surge of power!
Flames lash the adder.
You kill the adder!
The orc barely misses you.
It was a potion of haste.
You feel yourself speed up. The orc hits you but does no damage.
It was a potion of invisibility.
You fade into invisibility!
It was a potion of lignification.
You turn into a tree.
The +1 ring mail "Plog" {Rampage rCorr Dex+3} melds into your body.
Your roots penetrate the ground.
The orc is no longer more vulnerable to fire.
The orc hits you with a +0 flail.
* * * LOW HITPOINT WARNING * * *
You hit the orc but do no damage.
The orc is heavily wounded.
The orc hits you but does no damage.
You hit the orc.
The orc is almost dead.
The orc hits you with a +0 flail.
You die...

#.# ..# #.. #.# ##.#
#.# ... #.# #.# #)#
##.####)####.#
#......†.....#
####.####.####o####.#
.......<......♣#
##############.# #.#
#.# #.# #.# #.# #.#


You could see an orc (unable to see you).

Vanquished Creatures
  3 adders
  2 dart slugs (D:1)
  4 orcs (D:3)
  A bat (D:2)
  5 endoplasms
  3 giant cockroaches (D:1)
  5 goblins
  6 hobgoblins
  A quokka (D:1)
  5 ball pythons (D:1)
  2 frilled lizards
  6 kobolds
  4 rats
47 creatures vanquished.

Vanquished Creatures (others)
  131 foxfires
131 creatures vanquished.

Grand Total: 178 creatures vanquished

Notes
Turn   | Place    | Note
-------+----------+-------------------------------------------
     0 | D:1      | gelatine the Demonspawn Fire Elementalist began the quest
                  | for the Orb.
     0 | D:1      | Reached XP level 1. HP: 13/13 MP: 3/3
   461 | D:1      | Gained mutation: You have a small tail. [demonic ancestry]
   461 | D:1      | Reached XP level 2. HP: 19/19 MP: 3/5
   503 | D:1      | Reached skill level 3 in Fire Magic
   726 | D:1      | Found a faded altar of an unknown god.
  1103 | D:1      | Gained mutation: A meltable shield of frost defends you.
                  | (SH +4) [demonic ancestry]
  1103 | D:1      | Reached XP level 3. HP: 24/24 MP: 2/6
  1912 | D:2      | Identified the +1 ring mail "Plog" {Rampage rCorr Dex+3}
  2036 | D:2      | Learned a level 2 spell: Scorch
  2488 | D:2      | Gained mutation: You are partially covered in icy blue
                  | scales. (AC +2) [demonic ancestry]
  2488 | D:2      | Reached XP level 4. HP: 30/30 MP: 4/8
  3000 | D:3      | HP: 1/45 [orc/+0 flail (3)]
  3002 | D:3      | Slain by an orc

Illustrated notes

Levels and vault maps discovered:
D:1:      dpeg_arrival_snail, layout_basic,
          hellmonk_ecumenical_altar_heavens_door
D:2:      layout_basic, st_stairs_7, chequers_serial_rivers_large_a,
          minmay_fractal_squares_gapless_5
D:3:      layout_loops_ring, mainiacjoe_overflow_alcove_4

Skill      XL: |  1  2  3 |
---------------+----------+-----
Dodging        | 2 |  2.2
Fire Magic     | 3 |  3.4
Stealth        | 2 |  2.0
Fighting       | |  0.1
Spellcasting   | |  2.8
Conjurations   | |  1.5
Poison Magic   | |  0.1
Evocations     | |  0.9

Action                   |  1- 3 |  4- 6 || total
-------------------------+-------+-------++-------
Melee: Whip              |    28 |       ||    28
       Tailslap          |     2 |     2 ||     4
       Staff             |       |    10 ||    10
 Cast: Foxfire           |    77 |     5 ||    82
       Scorch            |     5 |     6 ||    11
  Use: Potion            |       |     4 ||     4
Armor: Robe              |     2 |       ||     2
       Ring mail         |       |     5 ||     5
       Skin              |       |     1 ||     1
Dodge: Dodged            |    28 |    10 ||    38
Block: Other             |     4 |     2 ||     6

Table legend: (Time is in decaauts)
 A = Elapsed time spent in this place.
 B = Non-inter-level travel time spent in this place.
 C = Inter-level travel time spent in this place.
 D = Time resting spent in this place.
 E = Time spent auto-exploring this place.
 F = Levels seen in this place.
 G = Mean time per level.
                   A        B        C        D        E       F      G
               +--------+--------+--------+--------+--------+-----+--------+
         Total |   3020 |   2897 |    123 |     34 |   2450 |   3 | 1006.7 |
       Dungeon |   3020 |   2897 |    123 |     34 |   2450 |   3 | 1006.7 |
               +--------+--------+--------+--------+--------+-----+--------+

Top non-repeatable levels by time:
     D:1: 1510 daAuts
     D:2: 1479 daAuts
     D:3: 30 daAuts
